[ AOE2 MATCH · #464816166 ]
UnrankedHindustanis vs Khmer
[ REPLAY ANALYSIS · EXTRACTED FROM THE RECORDED GAME ]
Feudal
—
Castle
—
Imperial
—
| APM avg | 15.2 |
| APM peak | 34 |
| eAPM avg | 10.7 |
| Villagers / military | 97 / 124 |
Focus
⚔️ 39.6% · 🌾 60.4%
Camel Scout ×64 · Spearman ×29 · Fire Galley ×8 · Fishing Ship ×6 · Monk ×5 · Ghulam ×4
Feudal
9:03
Castle
20:35
Imperial
—
| APM avg | 12.0 |
| APM peak | 55 |
| eAPM avg | 7.5 |
| Villagers / military | 79 / 102 |
Focus
⚔️ 22.8% · 🌾 77.2%
Knight ×42 · Scorpion ×41 · Battering Ram ×10 · Mangonel ×7 · Scout Cavalry ×2
Feudal
—
Castle
—
Imperial
—
| APM avg | 15.2 |
| APM peak | 55 |
| eAPM avg | 12.6 |
| Villagers / military | 88 / 217 |
Focus
⚔️ 48.4% · 🌾 51.6%
Spearman ×137 · Galley ×15 · Fire Galley ×14 · Knight ×10 · Camel Scout ×10 · Scorpion ×8
Feudal
9:44
Castle
20:49
Imperial
28:33
| APM avg | 12.5 |
| APM peak | 24 |
| eAPM avg | 9.6 |
| Villagers / military | 69 / 94 |
Focus
⚔️ 40.0% · 🌾 60.0%
Cataphract ×70 · Fire Galley ×10 · Scorpion ×6 · Unknown (2626) ×5 · Monk ×3 · Fishing Ship ×3
Match map
Initial resources + every placement click. Lines = walls · curves = elevation contours. ◆ gold · ⬟ stone · ● berries · ✦ relic · ◌ wall gap
Your base· Open — unwalled flank
Scarva's base· Open — unwalled flank
babyanimal2845's base· Open — unwalled flank
mc656748's base· Open — unwalled flank
Smoothed initial terrain · ◌ = detected wall gap · hover for details
Inputs per minute
— baldestsheep375 - - Scarva
Build order — baldestsheep375
First 150 of 337 actions detected
| 0:04 | Create | Villager (Male) |
| 0:04 | Create | Villager (Male) |
| 0:04 | Create | Villager (Male) |
| 0:05 | Create | Villager (Male) |
| 0:07 | Build | House |
| 0:18 | Build | House |
| 0:43 | Build | House |
| 0:44 | Build | House |
| 1:29 | Create | Villager (Male) |
| 1:57 | Create | Villager (Male) |
| 2:26 | Create | Villager (Male) |
| 2:45 | Create | Villager (Male) |
| 3:20 | Create | Villager (Male) |
| 3:23 | Create | Villager (Male) |
| 3:40 | Create | Villager (Male) |
| 4:05 | Build | Barracks |
| 4:09 | Create | Villager (Male) |
| 4:52 | Create | Villager (Male) |
| 4:52 | Create | Villager (Male) |
| 5:20 | Create | Villager (Male) |
| 5:20 | Create | Villager (Male) |
| 5:20 | Create | Villager (Male) |
| 5:58 | Build | Lumber Camp |
| 7:08 | Create | Villager (Male) |
| 7:08 | Create | Villager (Male) |
| 7:27 | Build | House |
| 7:57 | Build | Mill |
| 8:00 | Research | Feudal Age |
| 8:07 | Build | House |
| 8:19 | Build | Outpost |
| 8:43 | Build | Mill |
| 10:06 | Build | Outpost |
| 10:12 | Research | Loom |
| 10:13 | Create | Villager (Male) |
| 10:43 | Build | Dock |
| 10:46 | Create | Villager (Male) |
| 10:46 | Create | Villager (Male) |
| 10:49 | Research | Double-Bit Axe |
| 11:19 | Create | Villager (Male) |
| 11:19 | Create | Villager (Male) |
| 11:42 | Build | Market |
| 12:14 | Build | Mining Camp |
| 12:21 | Create | Spearman |
| 12:29 | Create | Spearman |
| 13:15 | Build | Lumber Camp |
| 13:19 | Build | Farm |
| 13:19 | Create | Villager (Male) |
| 13:20 | Create | Villager (Male) |
| 13:20 | Create | Villager (Male) |
| 13:28 | Create | Militia |
| 13:28 | Create | Militia |
| 13:33 | Create | Spearman |
| 13:34 | Create | Spearman |
| 13:40 | Create | Fishing Ship |
| 13:49 | Build | Farm |
| 14:01 | Build | House |
| 14:03 | Build | House |
| 14:17 | Build | Farm |
| 14:19 | Research | Horse Collar |
| 14:31 | Create | Unit 2626 |
| 14:59 | Build | Farm |
| 15:34 | Create | Villager (Male) |
| 15:34 | Create | Villager (Male) |
| 15:43 | Create | Unit 2626 |
| 16:10 | Build | Stable |
| 16:19 | Build | Farm |
| 16:47 | Build | Barracks |
| 16:57 | Build | Farm |
| 17:09 | Research | Castle Age |
| 17:19 | Create | Fire Galley |
| 17:20 | Create | Fire Galley |
| 17:33 | Build | House |
| 17:35 | Build | House |
| 17:36 | Build | House |
| 17:37 | Build | House |
| 17:39 | Build | House |
| 17:48 | Build | Stable |
| 18:03 | Create | Villager (Male) |
| 18:03 | Create | Villager (Male) |
| 18:14 | Build | Blacksmith |
| 18:23 | Create | Fishing Ship |
| 18:23 | Create | Fishing Ship |
| 18:40 | Build | Mining Camp |
| 18:54 | Build | Archery Range |
| 18:58 | Research | Bloodlines |
| 19:00 | Create | Spearman |
| 19:00 | Create | Spearman |
| 19:10 | Research | Stone Mining |
| 19:20 | Research | Fletching |
| 19:47 | Create | Fishing Ship |
| 19:47 | Create | Fishing Ship |
| 19:53 | Create | Villager (Male) |
| 19:54 | Create | Villager (Male) |
| 19:54 | Create | Villager (Male) |
| 20:30 | Build | Monastery |
| 20:34 | Create | Villager (Male) |
| 20:34 | Create | Villager (Male) |
| 20:41 | Build | Farm |
| 21:09 | Build | House |
| 21:11 | Build | House |
| 21:20 | Create | Monk |
| 21:25 | Research | Husbandry |
| 21:35 | Build | Farm |
| 21:42 | Build | Farm |
| 22:07 | Create | Villager (Male) |
| 22:07 | Create | Villager (Male) |
| 22:12 | Build | Farm |
| 22:42 | Build | Town Center |
| 22:45 | Create | Camel Scout |
| 22:46 | Create | Camel Scout |
| 22:47 | Create | Camel Scout |
| 22:52 | Create | Skirmisher |
| 22:53 | Create | Skirmisher |
| 23:43 | Build | Farm |
| 23:44 | Build | Farm |
| 23:50 | Build | Farm |
| 24:04 | Create | Fishing Ship |
| 24:25 | Build | Farm |
| 24:27 | Build | Farm |
| 24:39 | Create | Villager (Male) |
| 24:40 | Create | Villager (Male) |
| 24:44 | Research | Pikeman (upgrade) |
| 25:04 | Create | Villager (Male) |
| 25:04 | Create | Villager (Male) |
| 25:07 | Research | Gold Mining |
| 25:36 | Create | Villager (Male) |
| 25:36 | Create | Villager (Male) |
| 25:37 | Create | Villager (Male) |
| 25:49 | Build | Castle |
| 25:52 | Create | Villager (Male) |
| 25:52 | Create | Villager (Male) |
| 25:52 | Create | Villager (Male) |
| 25:57 | Create | Monk |
| 26:00 | Create | Camel Scout |
| 26:00 | Create | Camel Scout |
| 26:11 | Create | Spearman |
| 26:11 | Create | Spearman |
| 26:11 | Create | Spearman |
| 26:11 | Create | Spearman |
| 26:12 | Create | Spearman |
| 26:21 | Build | Farm |
| 26:22 | Create | Villager (Male) |
| 26:22 | Create | Villager (Male) |
| 26:31 | Research | Bodkin Arrow |
| 26:48 | Create | Camel Scout |
| 27:00 | Create | Spearman |
| 27:00 | Create | Spearman |
| 27:07 | Research | Squires |
| 27:33 | Build | Town Center |
| 27:34 | Create | Villager (Male) |
Build order — Scarva
First 150 of 209 actions detected
| 0:01 | Create | Villager (Male) |
| 0:02 | Create | Villager (Male) |
| 0:02 | Create | Villager (Male) |
| 0:03 | Create | Villager (Male) |
| 0:04 | Build | House |
| 0:10 | Build | House |
| 0:55 | Build | Lumber Camp |
| 1:51 | Create | Villager (Male) |
| 2:16 | Create | Villager (Male) |
| 2:17 | Create | Villager (Male) |
| 2:18 | Create | Villager (Male) |
| 2:48 | Build | Mill |
| 2:56 | Create | Villager (Male) |
| 3:35 | Build | House |
| 3:49 | Create | Villager (Male) |
| 4:08 | Build | House |
| 4:16 | Create | Villager (Male) |
| 4:31 | Build | Lumber Camp |
| 5:14 | Create | Villager (Male) |
| 5:17 | Create | Villager (Male) |
| 5:45 | Build | Farm |
| 6:01 | Create | Villager (Male) |
| 6:08 | Build | Farm |
| 6:36 | Build | Farm |
| 6:53 | Research | Feudal Age |
| 7:02 | Build | Farm |
| 7:03 | Build | Farm |
| 7:06 | Build | Farm |
| 7:16 | Build | Farm |
| 8:06 | Build | Mining Camp |
| 9:03 | Age | Feudal Age |
| 9:05 | Create | Villager (Male) |
| 9:05 | Create | Villager (Male) |
| 9:06 | Create | Villager (Male) |
| 9:06 | Create | Villager (Male) |
| 9:07 | Create | Villager (Male) |
| 9:08 | Create | Villager (Male) |
| 9:23 | Build | House |
| 9:39 | Build | House |
| 9:46 | Build | Farm |
| 10:01 | Build | Farm |
| 10:12 | Create | Villager (Male) |
| 10:14 | Create | Villager (Male) |
| 10:14 | Create | Villager (Male) |
| 10:56 | Build | House |
| 10:58 | Build | House |
| 11:13 | Research | Double-Bit Axe |
| 11:17 | Research | Horse Collar |
| 11:53 | Build | Stable |
| 12:05 | Build | Farm |
| 12:10 | Build | Farm |
| 12:23 | Build | Mining Camp |
| 12:33 | Create | Villager (Male) |
| 12:33 | Create | Villager (Male) |
| 12:33 | Create | Villager (Male) |
| 12:34 | Create | Villager (Male) |
| 12:35 | Create | Villager (Male) |
| 12:57 | Research | Gold Mining |
| 13:31 | Build | Watch Tower |
| 13:57 | Build | Farm |
| 14:20 | Build | Market |
| 14:50 | Build | Mining Camp |
| 15:05 | Build | Outpost |
| 15:40 | Create | Villager (Male) |
| 15:41 | Create | Villager (Male) |
| 15:41 | Create | Villager (Male) |
| 15:41 | Create | Villager (Male) |
| 16:11 | Build | House |
| 16:13 | Build | House |
| 16:15 | Build | House |
| 16:43 | Build | Blacksmith |
| 16:58 | Build | Farm |
| 17:30 | Build | Lumber Camp |
| 17:55 | Research | Castle Age |
| 18:33 | Build | Stable |
| 19:23 | Build | Farm |
| 19:42 | Create | Villager (Male) |
| 19:45 | Create | Villager (Male) |
| 19:46 | Create | Villager (Male) |
| 19:46 | Create | Villager (Male) |
| 19:47 | Create | Villager (Male) |
| 19:50 | Create | Villager (Male) |
| 19:50 | Create | Villager (Male) |
| 19:53 | Create | Villager (Male) |
| 20:01 | Create | Scout Cavalry |
| 20:01 | Create | Scout Cavalry |
| 20:28 | Build | Farm |
| 20:35 | Age | Castle Age |
| 20:50 | Research | Husbandry |
| 21:11 | Create | Knight |
| 21:11 | Create | Knight |
| 21:12 | Create | Knight |
| 21:12 | Create | Knight |
| 21:12 | Create | Knight |
| 21:13 | Create | Knight |
| 21:13 | Create | Knight |
| 21:13 | Create | Knight |
| 21:14 | Create | Knight |
| 21:14 | Create | Knight |
| 21:14 | Create | Knight |
| 21:24 | Build | Farm |
| 21:31 | Build | Farm |
| 21:47 | Build | Town Center |
| 22:15 | Build | House |
| 22:19 | Build | House |
| 22:49 | Build | Stable |
| 23:03 | Create | Knight |
| 23:04 | Create | Knight |
| 23:04 | Create | Knight |
| 23:04 | Create | Knight |
| 23:04 | Create | Knight |
| 23:26 | Build | House |
| 23:27 | Build | House |
| 23:29 | Build | House |
| 23:30 | Build | House |
| 23:46 | Create | Knight |
| 23:47 | Create | Knight |
| 23:56 | Create | Knight |
| 23:56 | Create | Knight |
| 24:03 | Create | Villager (Male) |
| 24:06 | Create | Villager (Male) |
| 24:06 | Create | Villager (Male) |
| 24:08 | Create | Villager (Male) |
| 24:08 | Create | Villager (Male) |
| 24:10 | Create | Villager (Male) |
| 24:10 | Create | Villager (Male) |
| 24:11 | Create | Villager (Male) |
| 24:11 | Create | Villager (Male) |
| 24:11 | Create | Villager (Male) |
| 24:12 | Create | Villager (Male) |
| 24:37 | Build | Town Center |
| 26:14 | Build | Siege Workshop |
| 26:16 | Build | Siege Workshop |
| 26:19 | Build | Siege Workshop |
| 26:28 | Create | Villager (Male) |
| 26:30 | Create | Villager (Male) |
| 26:31 | Create | Villager (Male) |
| 26:31 | Create | Villager (Male) |
| 26:32 | Create | Villager (Male) |
| 26:32 | Create | Villager (Male) |
| 26:35 | Create | Villager (Male) |
| 26:35 | Create | Villager (Male) |
| 26:35 | Create | Villager (Male) |
| 26:39 | Create | Villager (Male) |
| 26:40 | Create | Villager (Male) |
| 26:54 | Build | Farm |
| 27:04 | Create | Villager (Male) |
| 27:04 | Create | Villager (Male) |
| 27:09 | Create | Villager (Male) |
| 27:10 | Create | Villager (Male) |
Build order — babyanimal2845
First 150 of 435 actions detected
| 0:04 | Build | House |
| 0:06 | Build | House |
| 0:09 | Research | Loom |
| 0:09 | Create | Villager (Male) |
| 0:10 | Create | Villager (Male) |
| 0:10 | Create | Villager (Male) |
| 0:10 | Create | Villager (Male) |
| 1:23 | Create | Villager (Male) |
| 2:02 | Build | Mill |
| 2:07 | Create | Villager (Male) |
| 2:43 | Create | Villager (Male) |
| 2:45 | Create | Villager (Male) |
| 3:02 | Build | Lumber Camp |
| 3:15 | Create | Villager (Male) |
| 4:03 | Build | House |
| 4:20 | Create | Villager (Male) |
| 4:21 | Create | Villager (Male) |
| 5:34 | Create | Villager (Male) |
| 5:35 | Create | Villager (Male) |
| 6:03 | Build | Dock |
| 6:07 | Create | Villager (Male) |
| 6:07 | Create | Villager (Male) |
| 6:42 | Build | House |
| 6:58 | Create | Villager (Male) |
| 7:25 | Build | House |
| 7:47 | Create | Fishing Ship |
| 7:48 | Create | Fishing Ship |
| 8:14 | Build | Outpost |
| 8:28 | Research | Feudal Age |
| 8:41 | Create | Fishing Ship |
| 9:15 | Build | House |
| 10:07 | Build | Lumber Camp |
| 10:25 | Build | Outpost |
| 10:34 | Create | Fishing Ship |
| 10:34 | Create | Fishing Ship |
| 11:42 | Create | Villager (Male) |
| 11:42 | Create | Villager (Male) |
| 11:42 | Create | Villager (Male) |
| 11:43 | Create | Villager (Male) |
| 11:43 | Create | Villager (Male) |
| 11:43 | Create | Villager (Male) |
| 11:43 | Create | Villager (Male) |
| 11:44 | Create | Villager (Male) |
| 11:44 | Create | Villager (Male) |
| 11:44 | Create | Villager (Male) |
| 11:45 | Create | Villager (Male) |
| 11:45 | Create | Villager (Male) |
| 11:45 | Create | Villager (Male) |
| 11:46 | Create | Villager (Male) |
| 11:46 | Create | Villager (Male) |
| 12:16 | Build | Farm |
| 12:22 | Research | Horse Collar |
| 12:34 | Build | Mining Camp |
| 12:45 | Research | Double-Bit Axe |
| 13:08 | Build | Farm |
| 13:09 | Build | Farm |
| 13:11 | Build | Farm |
| 13:13 | Build | Farm |
| 13:16 | Build | Farm |
| 13:18 | Build | Farm |
| 13:51 | Create | Fire Galley |
| 13:51 | Create | Fire Galley |
| 14:20 | Research | Wheelbarrow |
| 14:42 | Build | Barracks |
| 15:09 | Build | House |
| 15:39 | Build | Mining Camp |
| 15:45 | Build | Market |
| 16:08 | Create | Villager (Male) |
| 16:08 | Create | Villager (Male) |
| 16:41 | Build | Palisade Wall |
| 16:46 | Build | Palisade Wall |
| 17:07 | Build | Palisade Gate |
| 17:10 | Create | Spearman |
| 17:10 | Create | Spearman |
| 17:11 | Create | Spearman |
| 17:18 | Build | House |
| 17:21 | Build | House |
| 17:28 | Build | Blacksmith |
| 18:01 | Build | House |
| 18:04 | Create | Villager (Male) |
| 18:17 | Research | Castle Age |
| 18:22 | Build | House |
| 18:24 | Build | House |
| 18:25 | Build | House |
| 18:59 | Create | Fire Galley |
| 19:00 | Create | Fire Galley |
| 19:05 | Create | Trade Cog |
| 19:44 | Build | Stable |
| 19:51 | Build | Barracks |
| 21:06 | Research | War Galley (upgrade) |
| 21:13 | Create | Fire Galley |
| 21:14 | Create | Fire Galley |
| 21:14 | Create | Fire Galley |
| 21:26 | Build | Town Center |
| 21:30 | Create | Villager (Male) |
| 21:31 | Create | Villager (Male) |
| 21:31 | Create | Villager (Male) |
| 21:31 | Create | Villager (Male) |
| 21:31 | Create | Villager (Male) |
| 21:32 | Create | Villager (Male) |
| 21:32 | Create | Villager (Male) |
| 21:32 | Create | Villager (Male) |
| 21:33 | Create | Villager (Male) |
| 21:33 | Create | Villager (Male) |
| 21:35 | Create | Villager (Male) |
| 21:35 | Create | Villager (Male) |
| 21:35 | Create | Villager (Male) |
| 21:36 | Create | Villager (Male) |
| 21:56 | Build | Archery Range |
| 22:04 | Build | Farm |
| 22:18 | Create | Scout Cavalry |
| 22:18 | Create | Knight |
| 22:29 | Build | Farm |
| 22:46 | Create | Villager (Male) |
| 22:46 | Create | Villager (Male) |
| 22:57 | Build | House |
| 22:59 | Build | House |
| 23:01 | Build | House |
| 23:07 | Research | Pikeman (upgrade) |
| 23:08 | Research | Squires |
| 23:35 | Create | Galley |
| 23:36 | Create | Galley |
| 23:36 | Create | Galley |
| 24:17 | Build | Stable |
| 24:23 | Build | Barracks |
| 24:39 | Create | Villager (Male) |
| 24:39 | Create | Villager (Male) |
| 24:40 | Create | Villager (Male) |
| 24:40 | Create | Villager (Male) |
| 24:40 | Create | Villager (Male) |
| 24:40 | Create | Villager (Male) |
| 24:41 | Create | Villager (Male) |
| 24:41 | Create | Villager (Male) |
| 25:01 | Create | Trade Cog |
| 25:11 | Build | Farm |
| 25:38 | Build | Farm |
| 25:45 | Build | Farm |
| 25:58 | Build | Farm |
| 25:58 | Build | Farm |
| 26:46 | Research | Hand Cart |
| 26:46 | Create | Villager (Male) |
| 27:02 | Build | Siege Workshop |
| 27:12 | Create | Villager (Male) |
| 27:12 | Create | Villager (Male) |
| 27:12 | Create | Villager (Male) |
| 27:13 | Create | Villager (Male) |
| 27:36 | Build | University |
| 27:47 | Research | Fletching |
| 27:56 | Build | Monastery |
| 28:02 | Build | Farm |
Build order — mc656748
First 150 of 291 actions detected
| 0:18 | Build | House |
| 0:20 | Create | Villager (Male) |
| 0:20 | Create | Villager (Male) |
| 0:21 | Create | Villager (Male) |
| 0:21 | Create | Villager (Male) |
| 0:21 | Create | Villager (Male) |
| 0:52 | Build | House |
| 1:26 | Create | Villager (Male) |
| 1:26 | Create | Villager (Male) |
| 1:27 | Create | Villager (Male) |
| 2:03 | Create | Villager (Male) |
| 2:10 | Create | Villager (Male) |
| 2:37 | Create | Villager (Male) |
| 2:59 | Build | House |
| 3:20 | Create | Villager (Male) |
| 3:24 | Create | Villager (Male) |
| 3:34 | Create | Villager (Male) |
| 3:46 | Build | House |
| 3:59 | Create | Villager (Male) |
| 4:00 | Create | Villager (Male) |
| 4:10 | Build | Mill |
| 5:08 | Create | Villager (Male) |
| 5:08 | Create | Villager (Male) |
| 5:09 | Create | Villager (Male) |
| 5:14 | Create | Villager (Male) |
| 5:37 | Build | Lumber Camp |
| 7:34 | Research | Feudal Age |
| 9:44 | Age | Feudal Age |
| 9:47 | Create | Villager (Male) |
| 9:48 | Create | Villager (Male) |
| 9:50 | Research | Horse Collar |
| 9:51 | Research | Double-Bit Axe |
| 10:09 | Build | Mining Camp |
| 10:11 | Create | Villager (Male) |
| 10:11 | Create | Villager (Male) |
| 10:12 | Create | Villager (Male) |
| 10:23 | Build | Dock |
| 10:30 | Build | House |
| 10:32 | Build | House |
| 10:33 | Build | House |
| 10:35 | Build | House |
| 10:36 | Build | House |
| 10:46 | Build | Farm |
| 10:58 | Build | Farm |
| 10:59 | Build | Farm |
| 11:01 | Build | Farm |
| 11:05 | Build | Farm |
| 11:28 | Build | Farm |
| 11:31 | Build | Farm |
| 12:08 | Create | Villager (Male) |
| 12:10 | Create | Villager (Male) |
| 12:43 | Build | Mining Camp |
| 12:49 | Create | Villager (Male) |
| 12:50 | Create | Villager (Male) |
| 12:50 | Create | Villager (Male) |
| 13:13 | Build | Farm |
| 13:27 | Build | Farm |
| 13:29 | Create | Villager (Male) |
| 13:30 | Create | Villager (Male) |
| 13:31 | Create | Villager (Male) |
| 13:38 | Build | Farm |
| 13:41 | Create | Fishing Ship |
| 13:42 | Create | Fishing Ship |
| 14:05 | Build | Farm |
| 14:43 | Create | Fishing Ship |
| 14:55 | Build | Blacksmith |
| 15:21 | Build | Farm |
| 15:22 | Create | Villager (Male) |
| 15:24 | Create | Villager (Male) |
| 16:07 | Build | Barracks |
| 16:12 | Build | Farm |
| 16:34 | Create | Villager (Male) |
| 17:02 | Build | Farm |
| 17:03 | Build | Farm |
| 17:05 | Build | Farm |
| 17:11 | Build | Stable |
| 17:42 | Create | Villager (Male) |
| 17:42 | Create | Villager (Male) |
| 17:58 | Create | Fire Galley |
| 17:58 | Create | Fire Galley |
| 17:58 | Create | Fire Galley |
| 18:06 | Research | Castle Age |
| 18:43 | Build | Stone Wall |
| 18:58 | Build | Market |
| 19:31 | Build | Gate |
| 19:57 | Create | Unit 2626 |
| 19:59 | Create | Unit 2626 |
| 20:18 | Build | Stone Wall |
| 20:27 | Build | Gate |
| 20:45 | Create | Villager (Male) |
| 20:46 | Create | Villager (Male) |
| 20:47 | Create | Villager (Male) |
| 20:49 | Age | Castle Age |
| 20:50 | Research | Heavy Plow |
| 20:52 | Research | Gold Mining |
| 20:53 | Research | Stone Mining |
| 20:58 | Research | Forging |
| 20:59 | Research | Scale Barding Armor |
| 21:00 | Research | Bow Saw |
| 21:08 | Create | Villager (Male) |
| 21:09 | Create | Villager (Male) |
| 21:09 | Create | Villager (Male) |
| 21:10 | Create | Villager (Male) |
| 21:10 | Create | Villager (Male) |
| 21:21 | Build | Farm |
| 21:33 | Build | Lumber Camp |
| 22:04 | Build | Castle |
| 22:15 | Create | Villager (Male) |
| 22:15 | Create | Villager (Male) |
| 22:33 | Research | War Galley (upgrade) |
| 23:09 | Build | Town Center |
| 23:26 | Create | Galley |
| 23:26 | Create | Galley |
| 23:29 | Create | Unit 2626 |
| 23:39 | Create | Villager (Male) |
| 23:39 | Create | Villager (Male) |
| 23:57 | Build | Dock |
| 24:53 | Build | Siege Workshop |
| 25:23 | Research | Imperial Age |
| 25:37 | Create | Scorpion |
| 25:46 | Build | Lumber Camp |
| 26:08 | Create | Villager (Male) |
| 26:09 | Create | Villager (Male) |
| 26:10 | Create | Villager (Male) |
| 26:10 | Create | Villager (Male) |
| 26:11 | Create | Villager (Male) |
| 26:25 | Build | Stone Wall |
| 27:16 | Create | Cataphract |
| 27:16 | Create | Cataphract |
| 27:17 | Create | Cataphract |
| 27:17 | Create | Cataphract |
| 27:17 | Create | Cataphract |
| 27:17 | Create | Cataphract |
| 27:18 | Create | Cataphract |
| 27:18 | Create | Cataphract |
| 27:52 | Build | Monastery |
| 28:33 | Age | Imperial Age |
| 28:37 | Create | Villager (Male) |
| 28:37 | Create | Villager (Male) |
| 28:38 | Create | Villager (Male) |
| 28:38 | Create | Villager (Male) |
| 28:39 | Create | Villager (Male) |
| 28:51 | Create | Fire Galley |
| 28:51 | Create | Fire Galley |
| 28:52 | Create | Fire Galley |
| 28:52 | Create | Fire Galley |
| 28:52 | Create | Fire Galley |
| 29:02 | Build | University |
| 29:17 | Build | University |
| 29:38 | Research | Wheelbarrow |
Match timeline
| 4:05 | baldestsheep375 · first_building Barracks |
| 6:03 | babyanimal2845 · first_building Dock |
| 9:03 | Scarva · age_up feudal |
| 9:44 | mc656748 · age_up feudal |
| 10:23 | mc656748 · first_building Dock |
| 10:43 | baldestsheep375 · first_building Dock |
| 11:53 | Scarva · first_building Stable |
| 14:42 | babyanimal2845 · first_building Barracks |
| 14:45 | baldestsheep375 · first_market_sell 100 wood |
| 14:45 | baldestsheep375 · first_market_buy 100 food |
| 16:07 | mc656748 · first_building Barracks |
| 16:10 | baldestsheep375 · first_building Stable |
| 16:41 | babyanimal2845 · wall_segment Palisade Wall x29 |
| 16:46 | babyanimal2845 · wall_segment Palisade Wall x10 |
| 17:11 | mc656748 · first_building Stable |
| 18:43 | mc656748 · wall_segment Stone Wall x1 |
| 18:54 | baldestsheep375 · first_building Archery Range |
| 19:44 | babyanimal2845 · first_building Stable |
| 20:18 | mc656748 · wall_segment Stone Wall x16 |
| 20:30 | baldestsheep375 · first_building Monastery |
| 20:35 | Scarva · age_up castle |
| 20:49 | mc656748 · age_up castle |
| 21:02 | Scarva · first_market_buy 100 food |
| 21:56 | babyanimal2845 · first_building Archery Range |
| 22:04 | mc656748 · first_building Castle |
| 24:53 | mc656748 · first_building Siege Workshop |
| 25:49 | baldestsheep375 · first_building Castle |
| 26:14 | Scarva · first_building Siege Workshop |
| 26:25 | mc656748 · wall_segment Stone Wall x16 |
| 27:02 | babyanimal2845 · first_building Siege Workshop |
| 27:52 | mc656748 · first_building Monastery |
| 27:56 | babyanimal2845 · first_building Monastery |
| 28:20 | babyanimal2845 · first_building Castle |
| 28:33 | mc656748 · age_up imperial |
| 32:10 | Scarva · first_market_sell 100 food |
| 32:28 | babyanimal2845 · first_market_sell 100 wood |
| 32:32 | babyanimal2845 · first_market_buy 100 food |
| 34:59 | baldestsheep375 · first_building Siege Workshop |
| 39:17 | mc656748 · wall_segment Stone Wall x3 |
| 40:23 | Scarva · resign |
[ AI ANALYSIS · 1 CREDIT ]
What really happened in this match?
Wolo.gg analyzes every decision: build order, eco, micro, common mistakes by bracket. Personalized analysis on WhatsApp or Discord in 30 seconds.
Civ guide
Hindustanis
Perfil
Jugador #11636794